 Dungeon Crawl Stone Soup version 0.23.0-3-gf3c87f2 (webtiles) character file.

Game seed: 14938205280280451983

5660 Torikoriko the Thaumaturge (level 10, -2/50 HPs)
             Began as a Deep Elf Venom Mage on Feb 20, 2019.
             Was a Believer of Vehumet.
             Splashed by a brown ugly thing's acid (7 damage)
             ... on level 9 of the Dungeon on Feb 21, 2019.
             The game lasted 01:00:33 (12442 turns).

Torikoriko the Thaumaturge (Deep Elf Venom Mage)   Turns: 12442, Time: 01:00:34

Health: -2/50      AC:  1    Str:  5    XL:     10   Next: 46%
Magic:  14/28      EV: 20    Int: 24    God:    Vehumet [**....]
Gold:   353        SH:  0    Dex: 15    Spells: 16/34 levels left

rFire    . . .     SeeInvis .   a - +2 short sword (protect)
rCold    . . .     Gourm    .   (no shield)
rNeg     + + .     Faith    .   w - +1 robe "Veehipn" {*Corrode rN++ Regen+}
rPois    .         Spirit   .   g - +1 hat
rElec    .         Reflect  .   h - +0 cloak
rCorr    .         Harm     .   (no gloves)
MR       +....                  (no boots)
Stlth    ++........             (no amulet)
HPRegen  0.56/turn              (no ring)
MPRegen  0.21/turn              (no ring)

@: corroded
A: no striking features
a: Renounce Religion


You were on level 9 of the Dungeon.
You worshipped Vehumet.
Vehumet was pleased with you.
You were hungry.

You visited 2 branches of the dungeon, and saw 10 of its levels.

You collected 353 gold pieces.

Inventory:

Hand Weapons
 a - a +2 short sword of protection (weapon)
 b - a +0 hunting sling
Missiles
 k - 250 stones (quivered)
 v - 41 sling bullets
Armour
 g - a +1 hat (worn)
 h - a +0 cloak (worn)
 q - a +1 robe
 w - the +1 robe "Veehipn" (worn) {*Corrode rN++ Regen+}
   (You found it on level 4 of the Dungeon)

   It greatly protects you from negative energy.
   It increases your rate of regeneration.
   It may corrode you when you take damage.
Jewellery
 B - an uncursed amulet of the acrobat
 C - an uncursed ring of poison resistance {unknown}
Wands
 e - a wand of iceblast (2)
 s - a wand of acid (7)
 u - a wand of polymorph (13)
Scrolls
 d - a scroll of blinking
 i - 5 scrolls of remove curse
 j - a scroll of magic mapping
 m - a scroll of immolation
 r - a scroll of identify
 x - 2 scrolls of teleportation
Potions
 f - a potion of magic
 l - a potion of ambrosia
 o - a potion of flight
 p - a potion of berserk rage {unknown}
 t - 3 potions of curing {unknown}
 z - a potion of might {unknown}
 A - a potion of brilliance
Comestibles
 c - 10 rations
 n - 5 chunks of flesh


   Skills:
 + Level 11.7 Dodging
 - Level 2.4 Stealth
 + Level 12.5 Spellcasting
 - Level 4.1 Conjurations
 - Level 8.0 Poison Magic


You had 16 spell levels left.
You knew the following spells:

 Your Spells              Type           Power        Failure   Level  Hunger
a - Sting                 Conj/Pois      ####         1%          1    None
b - Poisonous Vapours     Pois/Air       ####..       1%          2    None
c - Olgreb's Toxic Radia  Pois           ######..     1%          4    None
d - Static Discharge      Conj/Air       ####....     5%          3    None
e - Venom Bolt            Conj/Pois      #####.....   10%         5    ###....
x - Mephitic Cloud        Conj/Pois/Air  ####....     2%          3    None

Your spell library contained the following spells:

 Spells                   Type           Power        Failure   Level  Hunger


Dungeon Overview and Level Annotations

Branches:
Dungeon (9/15)             Temple (1/1) D:5
   Lair: D:8-11         Orc: D:9-12

Altars:
Ashenzari
Cheibriados
Dithmenos
Elyvilon
Fedhas
Gozag
Hepliaklqana
Kikubaaqudgha
Makhleb
Nemelex Xobeh
Okawaru
Qazlal
Ru
Sif Muna
Trog
Uskayaw
Vehumet
Wu Jian
Xom
Yredelemnul
Zin
The Shining One

Shops:
D:4 (

Annotations:
D:4 Edmund
D:5 2 transporters, zkyp's ghost, amateur DgAr
D:7 1 exclusion
D:8 1 runed translucent door, coffeespoons's ghost, novice TrMo


Message History

Aim: a brown ugly thing (severely wounded, poisoned) Poisonous vapours surround the brown ugly thing!
The brown ugly thing is engulfed in poison gas.
The brown ugly thing looks even sicker.
The brown ugly thing tentacle-slaps you.
You are splashed with acid!
The brown ugly thing tentacle-slaps you!
You are splashed with acid!
Casting: Poisonous Vapours (safe; 1% risk of failure)
Confirm with . or Enter, or press ? or * to list all spells.
Aiming: Poisonous Vapours (safe; 1% risk of failure)
Press: ? - help, Dir - move target cursor, f/p - brown ugly thing
Aim: a brown ugly thing (almost dead, poisoned) Poisonous vapours surround the brown ugly thing!
The brown ugly thing is engulfed in poison gas.
The brown ugly thing looks even sicker.
The brown ugly thing tentacle-slaps you!
* * * LOW HITPOINT WARNING * * *
The acid corrodes you!
You are splashed with acid!
You die...

........###+##....#..........
........'...##...##....##..÷#
........#...##...##....##....
........#....#...............
........#....#...............
........##..##..............#
#####....#..##...####+#####'#
#....#.u##...###.....<.÷.
'... #..@......#.........
#.........#.........
#####.(...#.........
#.>...#.........
.#+###+#.........
..........####... ..........#
#... ..........# +...
..........# #...


You could see a brown ugly thing.

Vanquished Creatures
  Gastronok (D:8)
  2 hippogriffs
  A wraith (D:8)
  Sigmund (D:6)
  Menkaure (D:5)
  A water moccasin (D:8)
  Duvessa (D:6)
  2 orc warriors
  A black bear (D:6)
  4 sky beasts
  An ice beast (D:6)
  An ogre (D:7)
  5 phantoms
  3 centaurs
  4 bullfrogs
  Dowan (D:6)
  2 scorpions
  5 killer bees (D:7)
  2 howler monkeys
  A crimson imp (D:8)
  A bullfrog zombie (D:6)
  Crazy Yiuf (D:4)
  4 hounds
  3 orc wizards
  2 bullfrog skeletons (D:5)
  4 orc priests
  5 worker ants
  2 worker ant zombies
  7 gnolls
  14 adders
  2 oozes
  3 worms
  A dart slug (D:1)
  2 leopard geckos
  30 orcs
  3 ball pythons
  15 giant cockroaches
  7 goblins
  6 hobgoblins
  8 jackals
  13 kobolds
  8 quokkas
  A ball python skeleton (D:4)
  9 bats
  8 frilled lizards
  A quokka skeleton (D:4)
  A quokka zombie (D:6)
  11 rats
212 creatures vanquished.

Vanquished Creatures (others)
  37 fungi (D:9)
  20 plants (D:9)
57 creatures vanquished.

Grand Total: 269 creatures vanquished

Notes
Turn   | Place    | Note
-------+----------+-------------------------------------------
     0 | D:1      | Torikoriko the Deep Elf Venom Mage began the quest for the
                  | Orb.
     0 | D:1      | Reached XP level 1. HP: 10/10 MP: 6/6
   135 | D:1      | Reached XP level 2. HP: 15/15 MP: 2/8
   695 | D:1      | Learned a level 2 spell: Poisonous Vapours
  1169 | D:2      | Reached XP level 3. HP: 19/19 MP: 8/10
  1763 | D:2      | Reached skill level 4 in Spellcasting
  1830 | D:2      | Reached XP level 4. HP: 24/24 MP: 6/12
  2791 | D:3      | Learned a level 3 spell: Mephitic Cloud
  2796 | D:3      | Learned a level 4 spell: Olgreb's Toxic Radiance
  2909 | D:3      | Reached XP level 5. HP: 27/28 MP: 4/13
  3830 | D:4      | Noticed Edmund
  3844 | D:4      | Found Jenepo Beta's Weapon Shop.
  3957 | D:4      | Reached skill level 5 in Poison Magic
  4196 | D:4      | Got a transparent robe
  4207 | D:4      | Identified the +1 robe "Veehipn" {*Corrode rN++ Regen+}
                  | (You found it on level 4 of the Dungeon)
  4244 | D:5      | Entered Level 5 of the Dungeon
  4690 | D:5      | Noticed a phantom
  4806 | D:5      | Found a staircase to the Ecumenical Temple.
  4815 | Temple   | Entered the Ecumenical Temple
  4914 | Temple   | Became a worshipper of Vehumet
  5015 | D:5      | Noticed Menkaure
  5026 | D:5      | Reached XP level 6. HP: 32/32 MP: 10/15
  5028 | D:5      | Killed Menkaure
  5028 | D:5      | Reached skill level 5 in Dodging
  5028 | D:5      | Reached skill level 5 in Spellcasting
  5366 | D:5      | Noticed zkyp's ghost (amateur DgAr)
  5371 | D:5      | Found a transporter.
  5375 | D:5      | Found a transporter.
  5533 | D:5      | Reached XP level 7. HP: 19/36 MP: 17/17
  6202 | D:4      | Found a runed translucent door.
  6203 | D:4      | Noticed Crazy Yiuf
  6276 | D:4      | Killed Crazy Yiuf
  6671 | D:5      | Reached skill level 6 in Spellcasting
  7236 | D:5      | Reached XP level 8. HP: 36/41 MP: 19/19
  7413 | D:5      | Found a deep blue altar of Sif Muna.
  7421 | D:5      | Found a shadowy altar of Dithmenos.
  7422 | D:5      | Found a white marble altar of Elyvilon.
  7425 | D:5      | Found a glowing golden altar of the Shining One.
  7425 | D:5      | Found a hide-covered altar of Uskayaw.
  7736 | D:6      | Reached skill level 7 in Spellcasting
  7987 | D:6      | Reached * piety under Vehumet
  7987 | D:6      | Offered knowledge of Freeze by Vehumet.
  7987 | D:6      | Reached skill level 8 in Spellcasting
  8264 | D:6      | Noticed Dowan
  8283 | D:6      | Killed Dowan
  8398 | D:6      | Noticed Duvessa
  8419 | D:6      | Killed Duvessa
  8767 | D:6      | Reached skill level 9 in Spellcasting
  9006 | D:6      | Noticed Sigmund
  9060 | D:6      | Killed Sigmund
  9060 | D:6      | Reached XP level 9. HP: 37/45 MP: 16/24
  9514 | D:7      | Found an iron altar of Okawaru.
  9887 | D:7      | Reached skill level 10 in Spellcasting
 10306 | D:7      | Offered knowledge of Searing Ray by Vehumet.
 10308 | D:7      | Reached ** piety under Vehumet
 10747 | D:8      | Found a deep blue altar of Sif Muna.
 10797 | D:8      | Reached skill level 10 in Dodging
 11069 | D:8      | Found a white marble altar of Elyvilon.
 11447 | D:8      | Reached skill level 11 in Spellcasting
 11454 | D:8      | Noticed Gastronok
 11555 | D:8      | Killed Gastronok
 11555 | D:8      | Reached skill level 12 in Spellcasting
 11555 | D:8      | Reached XP level 10. HP: 48/50 MP: 7/28
 12033 | D:8      | Found a runed translucent door.
 12072 | D:8      | Noticed coffeespoons's ghost (novice TrMo)
 12218 | D:9      | Offered knowledge of Static Discharge by Vehumet.
 12223 | D:9      | Learned a level 3 spell: Static Discharge
 12428 | D:9      | Learned a level 5 spell: Venom Bolt
 12429 | D:9      | Noticed a brown ugly thing
 12442 | D:9      | Splashed by a brown ugly thing's acid

Skill      XL: |  1  2  3  4  5  6  7  8  9 |
---------------+----------------------------+-----
Dodging        | 3 4 5 6 8 11 | 11.7
Spellcasting   | 4 5 6 9 12 | 12.5
Poison Magic   | 4 5 6 7 8 |  8.0
Conjurations   | 4 |  4.1
Stealth        | |  2.4

Action                   |  1- 3 |  4- 6 |  7- 9 | 10-12 || total
-------------------------+-------+-------+-------+-------++-------
Melee: Unarmed           |     1 |       |       |       ||     1
       Dagger            |       |    32 |    51 |       ||    83
       Short sword       |       |       |    68 |     9 ||    77
 Fire: Hunting sling     |     1 |   136 |   331 |       ||   468
 Cast: Sting             |    76 |    49 |    26 |     1 ||   152
       Poisonous Vapours |    13 |    50 |   104 |    13 ||   180
       Mephitic Cloud    |       |     1 |    23 |     3 ||    27
       Olgreb's Toxic Ra |       |     1 |    16 |       ||    17
       Static Discharge  |       |       |       |     5 ||     5
       Venom Bolt        |       |       |       |     2 ||     2
Evoke: Wand              |       |     3 |    10 |       ||    13
  Use: Scroll            |       |     8 |     7 |       ||    15
 Stab: Confused          |       |       |     3 |       ||     3
       Sleeping          |       |       |     1 |       ||     1
  Eat: Chunk             |     3 |     9 |    15 |       ||    27
       Ration            |       |     1 |     1 |     1 ||     3
Armor: Robe              |     3 |    19 |    39 |     1 ||    62
Dodge: Dodged            |    14 |   119 |   251 |    10 ||   394
